 Dungeon Crawl Stone Soup version 0.27.0 (webtiles) character file.

Game seed: 9388286666628236555

15 emm the Chopper (level 2, 0/22 HPs)
             Began as a Demonspawn Gladiator on July 31, 2021.
             Slain by Terence (6 damage)
             ... on level 2 of the Dungeon.
             The game lasted 00:01:09 (774 turns).

emm the Chopper (Demonspawn Gladiator)               Turns: 774, Time: 00:01:10

Health: 0/22       AC:  8    Str: 14    XL:     2   Next: 34%
Magic:  2/2        EV: 12    Int:  9    God:
Gold:   62         SH:  0    Dex: 14    Spells: 1/1 levels left

rFire    . . .     SeeInvis .   a - +0 war axe
rCold    . . .     Faith    .   (no shield)
rNeg     . . .     Spirit   .   b - +0 leather armour
rPois    .         Reflect  .   c - +0 helmet
rElec    .         Harm     .   i - +0 cloak
rCorr    .         Rampage  .   e - +2 pair of gloves
Will     .....                  (no boots)
Stlth    +.........             (no amulet)
HPRegen  0.07/turn              (no ring)
MPRegen  0.08/turn              (no ring)

@: no status effects
A: spiny 1
a: no special abilities


You were on level 2 of the Dungeon.
You visited 1 branch of the dungeon, and saw 2 of its levels.

You collected 62 gold pieces.

Inventory:

Hand Weapons
 a - a +0 war axe (weapon)
Missiles
 d - 3 throwing nets (quivered)
Armour
 b - a +0 leather armour (worn)
 c - a +0 helmet (worn)
 e - a +2 pair of gloves (worn)
 i - a +0 cloak (worn)
Scrolls
 g - 2 scrolls of identify {unknown}
Potions
 f - a potion of curing {unknown}
 h - a potion of invisibility {unknown}
 j - a potion of heal wounds {unknown}


   Skills:
 + Level 2.2 Fighting
 + Level 3.1 Axes
 + Level 1.9 Throwing
 + Level 2.8 Dodging


You had one spell level left.
You didn't know any spells.
Your spell library contained the following spells:

 Spells                   Type           Power      Damage    Failure   Level
 Corona                   Hex            0%         N/A       45%         1
 Ensorcelled Hibernation  Hex/Ice        0%         N/A       61%         2
 Tukima's Dance           Hex            0%         N/A       83%         3


Dungeon Overview and Level Annotations

Branches:
Dungeon (2/15)

Altars:

Annotations:
D:2 Terence


Innate Abilities, Weirdness & Mutations

You are partially covered in sharp spines.


Message History

You now have 47 gold pieces (gained 14).
j - an orange potion You now have 62 gold pieces (gained 15).
You open the door.
A bat comes into view.
A bat is nearby!
The bat is struck by your spines. The bat misses you.
You closely miss the bat.
The bat is moderately wounded.
The bat closely misses you. The bat hits you but does no damage.
You miss the bat. The bat is struck by your spines. The bat barely misses you.
The bat barely misses you. The bat is struck by your spines.
You kill the bat!
You see here a bat corpse.
A hobgoblin comes into view.
The hobgoblin shouts!
A hobgoblin is nearby!
The hobgoblin is struck by your spines. The hobgoblin barely misses you.
You hit the hobgoblin.
You kill the hobgoblin!
There is an open door here.
Terence the Incautious comes into view.
He is wielding a +0 flail.
Terence is nearby!
Terence shouts!
A worm comes into view.
Terence misses you.
You hit Terence.
Terence is lightly wounded.
Terence hits you with a +0 flail.
You hit Terence.
Terence is moderately wounded.
Terence hits you with a +0 flail.
You barely miss Terence.
Terence is moderately wounded.
Terence hits you with a +0 flail. x2
* * * LOW HITPOINT WARNING * * *
You hit Terence.
Terence is moderately wounded.
Terence hits you with a +0 flail.
You die...

#.# ############.#
..........##.#
#########.##.#
#########.##.#
#..........#.#
#.##########.###########
#...# #........@@w.....
#<#.# #.###!######.####
#.#.# #.# #... #.#.# #.#
##### #.#.# #.# #.#.#
#.# #.#.# #.# #.#†# #.#
#.#.# #.#


You could see Terence and a worm.

Vanquished Creatures
  A dart slug (D:1)
  4 bats
  A hobgoblin (D:2)
  A frilled lizard (D:1)
  2 goblins (D:1)
  3 kobolds (D:1)
  A rat (D:1)
13 creatures vanquished.

Notes
Turn   | Place    | Note
-------+----------+-------------------------------------------
     0 | D:1      | emm the Demonspawn Gladiator began the quest for the Orb.
     0 | D:1      | Reached XP level 1. HP: 16/16 MP: 1/1
   132 | D:1      | Reached skill level 3 in Axes
   288 | D:1      | Gained mutation: You are partially covered in sharp spines.
                  | [demonic ancestry]
   288 | D:1      | Reached XP level 2. HP: 22/22 MP: 2/2
   766 | D:2      | Noticed Terence
   774 | D:2      | Slain by Terence

Illustrated notes

Levels and vault maps discovered:
D:1:      scummos_arrival_simple_fountains, layout_rooms, kennysheep_nondescript
D:2:      layout_basic, minmay_tetromino_l2, uniq_terence

Skill      XL: |  1 |
---------------+----+-----
Axes           | 3 |  3.1
Fighting       | |  2.2
Throwing       | |  1.9
Dodging        | |  2.8

Action                   || total
-------------------------++-------
Melee: War axe           ||    26
Armor: Leather armour    ||    15
Dodge: Dodged            ||    24
